 Dungeon Crawl Stone Soup version 0.24-a0-582-g4d4af81 (webtiles) character file.

Game seed: 693876978829097298

1106 DrKleor the Ruffian (level 8, -1/63 HPs)
             Began as a Demonspawn Fighter on Aug 26, 2019.
             Was a Believer of Okawaru.
             Slain by a wyvern zombie (9 damage)
             ... on level 6 of the Dungeon.
             The game lasted 00:13:44 (6654 turns).

DrKleor the Ruffian (Demonspawn Fighter)            Turns: 6654, Time: 00:13:45

Health: -1/63      AC:  9    Str: 18    XL:     8   Next: 11%
Magic:  8/8        EV:  7    Int: 11    God:    Okawaru [**....]
Gold:   94         SH:  9    Dex: 12    Spells: 7/7 levels left

rFire    . . .     SeeInvis .     - Unarmed
rCold    . . .     Gourm    .   b - +0 shield
rNeg     . . .     Faith    .   a - +0 scale mail
rPois    .         Spirit   .   w - +0 helmet (curse)
rElec    .         Reflect  .   (no cloak)
rCorr    .         Harm     +   (no gloves)
MR       .....                  (no boots)
Stlth    ..........             o - amulet of harm
HPRegen  0.20/turn              (no ring)
MPRegen  0.11/turn              (no ring)

@: no status effects
A: rugged brown scales 1, demonic guardian 1, powered by pain 1
a: Heroism, Renounce Religion


You were on level 6 of the Dungeon.
You worshipped Okawaru.
Okawaru was pleased with you.
You were not hungry.

You visited 1 branch of the dungeon, and saw 6 of its levels.

You collected 234 gold pieces.
You spent 140 gold pieces at shops.

Inventory:

Missiles
 k - 7 javelins (quivered)
Armour
 a - a +0 scale mail (worn)
 b - a +0 shield (worn)
 w - a cursed +0 helmet (worn)
Jewellery
 o - an amulet of harm (around neck)
Wands
 u - a wand of iceblast (3)
Scrolls
 e - 4 scrolls of teleportation {unknown}
 g - 7 scrolls of identify {unknown}
 h - 2 scrolls of magic mapping {unknown}
 i - 2 scrolls of enchant weapon {unknown}
 j - a scroll of amnesia {unknown}
 l - a scroll of fog {unknown}
 n - a scroll of blinking {unknown}
 p - a scroll of enchant armour {unknown}
 q - a scroll of fear {unknown}
 v - a scroll of random uselessness {unknown}
 x - a scroll of immolation {unknown}
Potions
 c - a potion of might
 f - 3 potions of curing
 m - 2 potions of agility
 r - 2 potions of lignification {unknown}
 s - a potion of berserk rage
 t - 3 potions of heal wounds
Comestibles
 d - 10 rations


   Skills:
 + Level 5.2 Fighting
 + Level 4.7 Armour
 + Level 4.7 Shields
 * Level 5.7 Unarmed Combat


You had 7 spell levels left.
You didn't know any spells.
Your spell library contained the following spells:

 Spells                   Type           Power        Failure   Level  Hunger
 Beastly Appendage        Tmut           #.....       99%         1    ##.....
 Sticks to Snakes         Tmut           #.......     99%         2    ###....
 Spider Form              Tmut/Pois      #.........   100%        3    ####...
 Ice Form                 Ice/Tmut       #.......     100%        4    #####..
 Blade Hands              Tmut           #.........   100%        5    ######.


Dungeon Overview and Level Annotations

Branches:
Dungeon (6/15)             Temple (0/1) D:5

Altars:
Cheibriados
Dithmenos
Hepliaklqana
Okawaru
Ru
Trog
Uskayaw

Shops:
D:5 !


Innate Abilities, Weirdness & Mutations

You are partially covered in rugged brown scales. (AC +1, +3% HP)
A weak demonic guardian rushes to your aid.
You sometimes gain a little power by taking damage.


Message History

You hit the wyvern zombie but do no damage.
The wyvern zombie is lightly damaged.
Your quasit bites the crimson imp.
Your quasit claws the crimson imp but does no damage.
Your quasit completely misses the crimson imp.
The wyvern zombie bites you.
* * * LOW HITPOINT WARNING * * *
Your quasit bites the crimson imp but does no damage.
Your quasit claws the crimson imp.
Your quasit claws the crimson imp but does no damage.
Your quasit bites the crimson imp but does no damage.
Your quasit barely misses the crimson imp.
Your quasit claws the crimson imp.
The crimson imp blinks!
The wyvern zombie bites you but does no damage.
There is an open door here.
The wyvern zombie bites your ufetubus. x2
Your ufetubus dies!
Your quasit disappears in a puff of smoke!
The wyvern zombie bites you!
You die...

...... ..####.##
...............# ..##
....##.#'#### ..# ..
#......# ..# #......# ..#
#†.....# ..##########......#
..+...............#
..######........@.#
.......+......##Z.#####+##+#
..######......###.##........
..# #......# #.##........
..# #......# #.##.......(
.## #####+## #..#........ .#
# ##.#....(... .# ...
#..###+##+# .#
...>.#####'###


You could see a wyvern zombie.

Vanquished Creatures
  2 ice beasts
  An ogre (D:5)
  An orc warrior (D:6)
  A bullfrog (D:6)
  A scorpion (D:5)
  A howler monkey (D:5)
  A centaur zombie (D:6)
  2 orc priests
  A hound (D:4)
  A bullfrog skeleton (D:4)
  An iguana (D:4)
  4 orc wizards
  3 worker ants
  A hound skeleton (D:5)
  A worker ant zombie (D:5)
  A gnoll (D:1)
  8 adders
  A shadow imp (D:6)
  An ooze (D:4)
  2 adder skeletons
  4 worms
  A dart slug (D:3)
  A leopard gecko (D:4)
  17 orcs
  2 ball pythons
  7 bats
  2 bat zombies (D:2)
  5 giant cockroaches
  7 goblins
  5 hobgoblins
  13 jackals
  5 kobolds
  2 quokkas (D:3)
  3 frilled lizards
  A jackal skeleton (D:5)
  A jackal zombie (D:2)
  2 rats
113 creatures vanquished.

Vanquished Creatures (collateral kills)
  A bullfrog (D:6)
  A hound (D:6)
  An orc wizard (D:5)
  An adder (D:5)
  6 orcs
10 creatures vanquished.

Vanquished Creatures (others)
  An orc wizard (D:5)
  4 toadstools (D:1)
5 creatures vanquished.

Grand Total: 128 creatures vanquished

Notes
Turn   | Place    | Note
-------+----------+-------------------------------------------
     0 | D:1      | DrKleor the Demonspawn Fighter began the quest for the Orb.
     0 | D:1      | Reached XP level 1. HP: 18/18 MP: 1/1
   139 | D:1      | Gained mutation: You sometimes gain a little power by
                  | taking damage. [demonic ancestry]
   139 | D:1      | Reached XP level 2. HP: 11/24 MP: 2/2
   505 | D:1      | Reached XP level 3. HP: 28/29 MP: 3/3
   656 | D:1      | You fall into a shaft and drop 1 floor!
  1264 | D:2      | Gained mutation: A weak demonic guardian rushes to your
                  | aid. [demonic ancestry]
  1264 | D:2      | Reached XP level 4. HP: 22/35 MP: 4/4
  2003 | D:2      | Found a bloodstained altar of Trog.
  2005 | D:2      | Found a sacrificial altar of Ru.
  2009 | D:2      | Found a hazy altar of Hepliaklqana.
  2017 | D:2      | Found a snail-covered altar of Cheibriados.
  2020 | D:2      | Found a shadowy altar of Dithmenos.
  2021 | D:2      | Found an iron altar of Okawaru.
  2022 | D:2      | Found a hide-covered altar of Uskayaw.
  2027 | D:2      | Became a worshipper of Warmaster Okawaru
  2762 | D:3      | Reached XP level 5. HP: 37/42 MP: 5/5
  3578 | D:4      | Reached XP level 6. HP: 19/48 MP: 6/6
  4429 | D:5      | Entered Level 5 of the Dungeon
  4524 | D:5      | Reached * piety under Okawaru
  4900 | D:5      | Noticed an ice beast
  4907 | D:5      | HP: 2/49 [ice beast (7)]
  4910 | D:5      | Killed an ice beast
  4910 | D:5      | Reached XP level 7. HP: 2/55 MP: 7/7
  5215 | D:5      | Found Melubekicw's Distillery.
  5219 | D:5      | Bought a potion of berserk rage for 70 gold pieces
  5219 | D:5      | Bought a potion of heal wounds for 70 gold pieces
  5566 | D:5      | Found a staircase to the Ecumenical Temple.
  5610 | D:5      | Reached skill level 5 in Unarmed Combat
  6346 | D:6      | Reached ** piety under Okawaru
  6346 | D:6      | Reached skill level 5 in Fighting
  6631 | D:6      | Gained mutation: You are partially covered in rugged brown
                  | scales. (AC +1, +3% HP) [demonic ancestry]
  6631 | D:6      | Reached XP level 8. HP: 43/63 MP: 8/8
  6654 | D:6      | Slain by a wyvern zombie

Levels and vault maps discovered:
D:1:      ldierk_walled_garden_2, layout_basic
D:2:      layout_rooms, minitemple, serial_undead, serial_undead_c,
          serial_undead_d, serial_undead_b, serial_undead_a
D:3:      layout_basic, first_ration
D:4:      layout_basic
D:5:      layout_basic, minmay_temple_entry_mist, serial_shops,
          nicolae_shop_statue_plus
D:6:      layout_basic

Skill      XL: |  1  2  3  4  5  6  7 |
---------------+----------------------+-----
Unarmed Combat | 2 3 4 5 |  5.7
Armour         | 3 4 |  4.7
Shields        | 3 4 |  4.7
Fighting       | 4 5 |  5.2

Action                   |  1- 3 |  4- 6 |  7- 9 || total
-------------------------+-------+-------+-------++-------
Melee: Unarmed           |   189 |   312 |   102 ||   603
Throw: Javelin           |       |     2 |       ||     2
Evoke: Wand              |       |       |     1 ||     1
  Use: Potion            |       |     2 |       ||     2
 Stab: Distracted        |       |     3 |       ||     3
  Eat: Chunk             |       |    13 |     6 ||    19
Armor: Scale mail        |   105 |    95 |    22 ||   222
Dodge: Dodged            |    61 |    65 |    24 ||   150
Block: Shield            |   101 |   128 |    38 ||   267

Table legend:
 A = Non-vault XP
 B = Vault XP
 C = Vault XP percentage of total XP
 D = Non-vault monster count
 E = Vault monster count
 F = Vault count percentage of total count
                 A         B        C        D         E       F
            +---------+---------+-------+---------+---------+-------
      Total |    1576 |       5 |   0.3 |     121 |       3 |   2.4
            +---------+---------+-------+---------+---------+-------
        D:1 |      59 |       0 |   0.0 |      24 |       0 |   0.0
        D:2 |      99 |       5 |   4.8 |      17 |       3 |  15.0
        D:3 |      78 |       0 |   0.0 |      25 |       0 |   0.0
        D:4 |     286 |       0 |   0.0 |      20 |       0 |   0.0
        D:5 |     542 |       0 |   0.0 |      21 |       0 |   0.0
        D:6 |     512 |       0 |   0.0 |      14 |       0 |   0.0
            +---------+---------+-------+---------+---------+-------
